 Dungeon Crawl Stone Soup version 0.27-a0-1154-gfdeffcb720 (webtiles) character file.

Game seed: 3736535963670974792

217 HoaS the Poker (level 5, -6/48 HPs)
             Began as a Tengu Berserker on May 14, 2021.
             Was a Believer of Trog.
             Killed by divine providence
             ... invoked by an orc priest
              (12 damage)
             ... on level 3 of the Dungeon.
             The game lasted 00:06:24 (2829 turns).

HoaS the Poker (Tengu Berserker)                    Turns: 2829, Time: 00:06:25

Health: -6/48      AC:  5    Str: 18    XL:     5   Next: 94%
Magic:  6/6        EV: 13    Int:  7    God:    Trog [**....]
Gold:   83         SH:  0    Dex: 14    Spells: 4/4 levels left

rFire    . . .     SeeInvis .   a - +1 spear
rCold    . . .     Faith    .   (no shield)
rNeg     . . .     Spirit   .   d - +0 ring mail
rPois    .         Reflect  .   (helmet restricted)
rElec    .         Harm     .   (no cloak)
rCorr    .         Rampage  .   (no gloves)
Will     ++...                  (boots unavailable)
Stlth    ..........             (no amulet)
HPRegen  1.16/turn              (no ring)
MPRegen  0.10/turn              (no ring)

@: berserking, strong-willed, flying quickly and evasively, regenerating, very
quick
A: beak, talons 3, nimble flight
a: Renounce Religion, Berserk, Trog's Hand


You were on level 3 of the Dungeon.
You worshipped Trog.
Trog was pleased with you.
You visited 1 branch of the dungeon, and saw 3 of its levels.

You collected 83 gold pieces.

Inventory:

Hand Weapons
 a - a +1 spear (weapon)
Armour
 d - a +0 ring mail (worn)
Scrolls
 b - 3 scrolls of identify
Potions
 e - a potion of haste


   Skills:
 - Level 3.0 Fighting
 + Level 7.0 Polearms
 - Level 2.1 Armour
 - Level 2.1 Dodging


You had 4 spell levels left.
You didn't know any spells.
Your spell library was empty.

Dungeon Overview and Level Annotations

Branches:
Dungeon (3/15)

Altars:
Sif Muna


Innate Abilities, Weirdness & Mutations

You have a beak for a mouth.
You have claws for feet.
Your magical nature lets you fly swiftly and evasively.


Message History

Trog accepts your kill. The orc closely misses you.
The orc hits you with a +0 trident.
* * * LOW HITPOINT WARNING * * *
Things that are here:
a +0 flail; a +0 scale mail Your skin crawls.
You feel strong-willed. The orc hits you but does no damage.
You puncture the orc!
You kill the orc!
Trog accepts your kill.
You hit the orc but do no damage. You hit the orc. Your kick misses the orc.
The orc is heavily wounded.
The orc closely misses you.
You hit the orc but do no damage. You claw the orc, but do no damage.
Your peck misses the orc.
The orc is heavily wounded.
The orc hits you with a +0 short sword.
* * * LOW HITPOINT WARNING * * *
An orc comes into view. It is wielding a +0 dagger.
You completely miss the orc.
The orc shouts!
Your kick misses the orc. Your peck misses the orc.
The orc is heavily wounded.
The orc hits you with a +0 short sword.
* * * LOW HITPOINT WARNING * * *
A red film seems to cover your vision as you go berserk!
You feel yourself moving faster!
You feel mighty!
An orc comes into view. It is wielding a +0 dagger.
The orc closely misses you.
You closely miss the orc.
The orc shouts!
You claw the orc.
You kill the orc!
Trog accepts your kill.
The orc priest mumbles some strange prayers to Beogh against you.
Beogh smites you!
You die...

#.## #o. #... #.# #..#
#o# ## #[.# #.# .##....
#..# #.# .#8.... #..#
#o# .##.... #..# #)#
#.##8... #..# #@# #.#
##># #..#
.###.#.###.#########...
#.$..........#
#.#.#####
#..##.#<##...#
#........ #.#.##...#
###...... . #.##...#
#..#.## ##
#.#....#####..#...
#.###........##... #.#
#...####.##.#.


You could see an orc priest and 2 orcs.

Vanquished Creatures
  A gnoll sergeant (D:3)
  An orc priest (D:3)
  3 gnolls
  3 adders (D:2)
  2 dart slugs (D:1)
  6 orcs (D:3)
  An endoplasm (D:2)
  3 giant cockroaches
  2 goblins (D:1)
  2 hobgoblins
  16 jackals
  A quokka (D:1)
  A ball python (D:1)
  7 bats
  3 frilled lizards
  3 kobolds
  4 rats (D:1)
59 creatures vanquished.

Notes
Turn   | Place    | Note
-------+----------+-------------------------------------------
     0 | D:1      | HoaS the Tengu Berserker began the quest for the Orb.
     0 | D:1      | Reached XP level 1. HP: 14/14 MP: 2/2
   160 | D:1      | Reached XP level 2. HP: 19/19 MP: 3/3
   184 | D:1      | Reached skill level 4 in Polearms
   457 | D:1      | Reached XP level 3. HP: 23/23 MP: 4/4
   643 | D:1      | Reached ** piety under Trog
   648 | D:1      | Found a faded altar of an unknown god.
   853 | D:2      | Reached skill level 5 in Polearms
  1248 | D:2      | Reached XP level 4. HP: 28/28 MP: 5/5
  1593 | D:3      | Found a shimmering blue altar of Sif Muna.
  1821 | D:3      | Reached skill level 6 in Polearms
  1823 | D:3      | Gained mutation: Your magical nature lets you fly swiftly
                  | and evasively. [Tengu growth]
  1823 | D:3      | Reached XP level 5. HP: 28/32 MP: 6/6
  1888 | D:3      | HP: 1/32 [gnoll sergeant/+0 spear (7)]
  2459 | D:3      | Reached skill level 7 in Polearms
  2829 | D:3      | Killed from afar by an orc priest

Illustrated notes

Levels and vault maps discovered:
D:1:      eino_arrival_tree_alley, layout_basic,
          chequers_ecumenical_altar_simple, nrook_mini_vaults,
          minmay_misc_feat_x, minmay_heptomino_l4
D:2:      layout_basic, minmay_misc_feat_secret_circle, minmay_misc_feat_rows
D:3:      layout_basic, nicolae_overflow_hidden_temple, cheibrodos_worm_habitat,
          lemuel_crystal_altar, hangedman_decor_growths, minmay_door_square,
          hangedman_abyss_or_decor_lesser_grid, patterned_corridor

Skill      XL: |  1  2  3  4  5 |
---------------+----------------+-----
Polearms       | 4 5 6 7 |  7.0
Fighting       | |  3.0
Armour         | |  2.1
Dodging        | |  2.1

Action                   |  1- 3 |  4- 6 || total
-------------------------+-------+-------++-------
Melee: Spear             |    88 |    62 ||   150
       Kick              |    17 |    15 ||    32
       Peck              |     3 |     9 ||    12
Invok: Berserk           |       |     2 ||     2
       Trog's Hand       |       |     1 ||     1
  Use: Scroll            |       |     3 ||     3
 Stab: Sleeping          |     1 |       ||     1
Armor: Animal skin       |     3 |       ||     3
       Ring mail         |    18 |    13 ||    31
Dodge: Dodged            |    34 |    35 ||    69

Table legend: (Time is in decaauts)
 A = Elapsed time spent in this place.
 B = Non-inter-level travel time spent in this place.
 C = Inter-level travel time spent in this place.
 D = Time resting spent in this place.
 E = Time spent auto-exploring this place.
 F = Levels seen in this place.
 G = Mean time per level.
                   A        B        C        D        E       F      G
               +--------+--------+--------+--------+--------+-----+--------+
         Total |   2801 |   2738 |     63 |   1051 |   1332 |   3 |  933.7 |
       Dungeon |   2801 |   2738 |     63 |   1051 |   1332 |   3 |  933.7 |
               +--------+--------+--------+--------+--------+-----+--------+

Top non-repeatable levels by time:
     D:2: 1476 daAuts
     D:1: 799 daAuts
     D:3: 525 daAuts
